[Event "ICC tourney 2020 (75 10)"]
[Site "Internet Chess Club"]
[Date "2020.09.27"]
[Round "5"]
[White "DaveGriffin"]
[Black "oxdidi"]
[Result "1-0"]
[ICCResult "Black checkmated"]
[WhiteElo "928"]
[BlackElo "1173"]
[Opening "French: Tarrasch, Guimard variation"]
[ECO "C04"]
[NIC "FR.15"]
[Time "16:32:33"]
[TimeControl "4500+10"]

1. e4 e6 2. d4 d5 3. Nd2 Nc6 4. c3 Nf6 5. e5 Nd7 6. Bd3 b6 7. Ndf3 Bb7 8.
Ne2 Be7 9. Ng3 a5 10. h4 h6 11. Nh5 Na7 12. Nxg7+ Kf8 13. Nh5 c5 14. Rh3 c4
15. Bc2 b5 16. Nf4 b4 17. Bg6 Nb5 18. Bh5 bxc3 19. bxc3 Nxc3 20. Qc2 Ne4 21.
a3 a4 22. Bg6 Kg7 23. Nd2 Nxd2 24. Bxd2 Kg8 25. Bxf7+ Kxf7 26. Qg6+ Kf8 27.
Nxe6# {Black checkmated} 1-0

[Event "ICC tourney 2020 (75 10)"]
[Site "Internet Chess Club"]
[Date "2020.09.27"]
[Round "5"]
[White "AJRChess2011"]
[Black "RockyWang"]
[Result "1-0"]
[ICCResult "Black checkmated"]
[WhiteElo "1286"]
[BlackElo "470"]
[Opening "Ruy Lopez: exchange, Keres variation"]
[ECO "C68"]
[NIC "RL.08"]
[Time "16:31:42"]
[TimeControl "4500+10"]

1. e4 e5 2. Nf3 Nc6 3. Bb5 a6 4. Bxc6 dxc6 5. Nc3 f6 6. d4 exd4 7. Qxd4 Qxd4
8. Nxd4 Bc5 9. Be3 Bxd4 10. Bxd4 Ne7 11. O-O-O Bd7 12. Bc5 Ng6 13. Rhe1
O-O-O 14. Rd2 Be6 15. f3 Rxd2 16. Kxd2 Rd8+ 17. Kc1 b6 18. Be3 Ne5 19. f4
Nc4 20. f5 Bf7 21. b3 Ne5 22. Rd1 Ng4 23. Rxd8+ Kxd8 24. Bf4 Ne5 25. Bxe5
fxe5 26. Kd2 Ke7 27. g4 Kf6 28. h4 g5 29. h5 Kg7 30. Ne2 c5 31. c4 b5 32.
cxb5 axb5 33. Nc3 c6 34. a4 b4 35. a5 c4 36. a6 cxb3 37. Nd1 c5 38. a7 c4
39. a8=Q c3+ 40. Nxc3 bxc3+ 41. Kxc3 h6 42. Qd8 Kh7 43. f6 Bc4 44. Qf8 Be2
45. Qg7# {Black checkmated} 1-0

[Event "ICC tourney 2020 (75 10)"]
[Site "Internet Chess Club"]
[Date "2020.09.27"]
[Round "5"]
[White "boxingguy2469x"]
[Black "Maximusiv"]
[Result "0-1"]
[ICCResult "White resigns"]
[WhiteElo "1214"]
[BlackElo "1079"]
[Opening "Scandinavian defense"]
[ECO "B01"]
[NIC "SD.03"]
[Time "16:31:40"]
[TimeControl "4500+10"]

1. e4 d5 2. exd5 Nf6 3. Nc3 Nxd5 4. Bc4 Nxc3 5. bxc3 Nc6 6. Nf3 Bg4 7. Ba3
e5 8. Bxf8 Rxf8 9. d3 Qe7 10. O-O O-O-O 11. Re1 f5 12. Qe2 Qc5 13. Qe3 Qxe3
14. Rxe3 f4 15. Ree1 Bxf3 16. gxf3 Rf6 17. Rab1 Na5 18. Bb3 Rg6+ 19. Kh1
Nxb3 20. Rxb3 Re8 21. Reb1 b6 22. Rg1 Ree6 23. Rxg6 Rxg6 24. Rb1 h5 25. Rg1
Rxg1+ 26. Kxg1 g5 27. h3 Kd7 28. Kh2 h4 29. Kg1 Kc6 30. Kf1 Kb5 31. Ke1 Ka4
32. Kd2 Ka3 33. d4 exd4 34. cxd4 Kxa2 35. Kd3 Kb2 36. c4 a5 37. Ke4 a4 38.
d5 a3 39. Kf5 a2 40. Kxg5 a1=Q 41. Kxh4 Qg1 42. Kh5 Kc3 43. h4 Kxc4 44. Kh6
Kxd5 45. h5 Ke6 46. Kh7 Kf7 {White resigns} 0-1

[Event "ICC tourney 2020 (75 10)"]
[Site "Internet Chess Club"]
[Date "2020.09.27"]
[Round "5"]
[White "EvSun"]
[Black "NeuralNetworkQS"]
[Result "0-1"]
[ICCResult "White checkmated"]
[WhiteElo "912"]
[BlackElo "897"]
[Opening "English: four knights, Capablanca variation"]
[ECO "A28"]
[NIC "EO.07"]
[Time "16:31:45"]
[TimeControl "4500+10"]

1. c4 e5 2. Nc3 Nc6 3. Nf3 Nf6 4. d3 Bb4 5. a3 Bxc3+ 6. bxc3 d6 7. g3 O-O 8.
Bg2 Be6 9. O-O Qd7 10. Re1 Bh3 11. Bh1 h6 12. e4 Bg4 13. Be3 Nh7 14. Qd2 f5
15. exf5 Qxf5 16. Nh4 Qf6 17. Rab1 Rab8 18. d4 exd4 19. cxd4 a6 20. d5 Ne5
21. Bd4 Ng5 22. f4 Nh3+ 23. Kf1 Qf7 24. Bxe5 dxe5 25. Rxe5 g5 26. Nf3 gxf4
27. gxf4 Nxf4 28. Re4 Bh3+ 29. Kf2 Ng2 30. Bxg2 Bxg2 31. Rg4+ Kh7 32. Qd3+
Kh8 33. Qd4+ Kh7 34. Qd3+ Kh8 35. Rxg2 Rbe8 36. Re1 Rxe1 37. Kxe1 Qxf3 38.
Qd4+ Rf6 39. Rg3 Qf1+ 40. Kd2 Qf2+ 41. Kc3 Qe1+ 42. Kc2 Qf2+ 43. Kc3 Qe1+
44. Kb3 Qb1+ 45. Ka4 b5+ 46. cxb5 Qxb5# {White checkmated} 0-1

[Event "ICC tourney 2020 (75 10)"]
[Site "Internet Chess Club"]
[Date "2020.09.27"]
[Round "5"]
[White "falcon2020"]
[Black "buptwy"]
[Result "1-0"]
[ICCResult "Black checkmated"]
[WhiteElo "1201"]
[BlackElo "687"]
[Opening "Queen's pawn: London system"]
[ECO "A45"]
[NIC "QP.07"]
[Time "16:31:40"]
[TimeControl "4500+10"]

1. d4 Nf6 2. Bf4 g6 3. Nc3 d5 4. e3 Bg7 5. Bd3 O-O 6. h4 Bg4 7. f3 Bd7 8. g4
Re8 9. g5 Nh5 10. Nxd5 c6 11. Nc3 Nxf4 12. exf4 Bxd4 13. Qd2 e5 14. Nge2 Bb6
15. Na4 Bc7 16. O-O-O b5 17. Nc5 exf4 18. Nxf4 Re7 19. h5 Bc8 20. hxg6 fxg6
21. Kb1 Qd6 22. Bc4+ bxc4 23. Qxd6 Bxd6 24. Rxd6 Bf5 25. Rd4 Nd7 26. Nxd7
Bxd7 27. Rxc4 Rae8 28. b3 Re3 29. Rd4 Bf5 30. Rf1 Rc8 31. Rd2 c5 32. Re2
Rxe2 33. Nxe2 c4 34. Nd4 cxb3 35. axb3 Bh3 36. Re1 Bg2 37. Re7 a5 38. f4 Ra8
39. Ka2 a4 40. b4 Bd5+ 41. Ka3 Bc4 42. Re5 Bf1 43. Ra5 Rxa5 44. bxa5 Bg2 45.
Kxa4 Kf7 46. c4 Ke7 47. c5 Kd7 48. c6+ Kc7 49. Kb4 Bf1 50. Kc5 Ba6 51. Ne6+
Kb8 52. c7+ Kc8 53. Kb6 Bc4 54. Nd4 Bd5 55. Nc6 Kd7 56. c8=Q+ Kxc8 57. Ne7+
Kb8 58. Nxd5 Ka8 59. a6 Kb8 60. a7+ Kc8 61. a8=Q+ Kd7 62. Qc6+ Kd8 63. Qc7+
Ke8 64. Qe7# {Black checkmated} 1-0

[Event "ICC tourney 2020 (75 10)"]
[Site "Internet Chess Club"]
[Date "2020.09.27"]
[Round "5"]
[White "JCJ2018"]
[Black "soreairplane"]
[Result "1-0"]
[ICCResult "Black checkmated"]
[WhiteElo "1001"]
[BlackElo "1089"]
[Opening "Sicilian: Labourdonnais-Löwenthal variation"]
[ECO "B32"]
[NIC "SI.32"]
[Time "16:31:37"]
[TimeControl "4500+10"]

1. e4 c5 2. Nf3 Nc6 3. d4 cxd4 4. Nxd4 e5 5. Nf3 Nf6 6. Nc3 Bb4 7. Bd3 O-O
8. a3 Bxc3+ 9. bxc3 d5 10. exd5 Nxd5 11. Bd2 Re8 12. Be4 Bg4 13. h3 Bh5 14.
Bg5 Nde7 15. Qxd8 Raxd8 16. Bxc6 bxc6 17. Be3 Bxf3 18. gxf3 a6 19. O-O Nd5
20. Bd2 Nf4 21. Bxf4 exf4 22. Rad1 Kf8 23. Rxd8 Rxd8 24. Rb1 Rd2 25. Rb6
Rxc2 26. Rxc6 a5 27. Rc5 Ke7 28. Kf1 Kd6 29. Rxa5 Rxc3 30. Ke2 Ke6 31. a4
Rc2+ 32. Ke1 h6 33. Rb5 Rc3 34. a5 Rxf3 35. a6 Ra3 36. Rb6+ Kf5 37. Kd2 Ra2+
38. Kc3 Rxf2 39. Rb5+ Kg6 40. Ra5 f3 41. a7 Rh2 42. a8=Q f2 43. Qf3 f6 44.
Ra2 f5 45. Rxf2 Rxf2 46. Qxf2 Kf6 47. Kd4 g5 48. h4 gxh4 49. Qxh4+ Kg6 50.
Ke5 h5 51. Qf6+ Kh7 52. Qg5 h4 53. Kf6 h3 54. Qg7# {Black checkmated} 1-0

[Event "ICC tourney 2020 (75 10)"]
[Site "Internet Chess Club"]
[Date "2020.09.27"]
[Round "5"]
[White "miyzhang"]
[Black "ruhanv"]
[Result "0-1"]
[ICCResult "White checkmated"]
[WhiteElo "1259"]
[BlackElo "969"]
[Opening "Caro-Kann: classical, 6.h4"]
[ECO "B18"]
[NIC "CK.11"]
[Time "16:31:39"]
[TimeControl "4500+10"]

1. e4 c6 2. d4 d5 3. Nd2 dxe4 4. Nxe4 Bf5 5. Ng3 Bg6 6. h4 h5 7. Bf4 Nf6 8.
Nf3 e6 9. Be2 Bd6 10. Bxd6 Qxd6 11. Bd3 Bxd3 12. Qxd3 Nbd7 13. O-O-O O-O-O
14. Kb1 Kb8 15. Qb3 Nb6 16. Ne5 Qe7 17. a4 Ka8 18. a5 Nbd7 19. Nd3 Rb8 20.
Nb4 Nd5 21. Nxd5 cxd5 22. Ne2 Rhc8 23. Nc3 a6 24. Rhe1 Qd8 25. Re3 Qxa5 26.
Rg3 g6 27. Rf3 Rf8 28. Rdd3 Nb6 29. Rf4 Nc4 30. Rff3 Rbc8 31. Rd1 Rc6 32.
Rfd3 Rb6 33. Qa4 Rxb2+ 34. Kc1 Qb6 35. Rf3 Rb1+ 36. Nxb1 Qb2# {White
checkmated} 0-1

[Event "ICC tourney 2020 (75 10)"]
[Site "Internet Chess Club"]
[Date "2020.09.27"]
[Round "5"]
[White "Nedas15"]
[Black "GGchess12"]
[Result "0-1"]
[ICCResult "White forfeits on time"]
[WhiteElo "295"]
[BlackElo "113"]
[Opening "King's pawn game"]
[ECO "C50"]
[NIC "IG.03"]
[Time "16:32:33"]
[TimeControl "4500+10"]

1. e4 e5 2. Nf3 Nc6 3. Bc4 h6 4. Nc3 Nf6 5. O-O Bc5 6. d3 d6 7. Be3 Bb6 8.
Nd5 Bxe3 9. Nxf6+ Qxf6 10. fxe3 O-O 11. d4 Qg6 12. Nh4 Qxe4 13. Bxf7+ Rxf7
14. Rxf7 Kxf7 15. Qh5+ Kg8 16. Kh1 Qg4 17. Qe8+ Kh7 18. Rf1 Qxh4 19. h3 Qe7
20. Qh5 Be6 21. d5 Bxd5 22. Qf5+ Kg8 23. e4 Be6 24. Qh5 Rf8 25. Re1 Rf2 26.
Qd1 Qg5 27. Rg1 Nd4 {White forfeits on time} 0-1

[Event "ICC tourney 2020 (75 10)"]
[Site "Internet Chess Club"]
[Date "2020.09.27"]
[Round "5"]
[White "alexbelaya"]
[Black "araddhya"]
[Result "1/2-1/2"]
[ICCResult "Game drawn by repetition"]
[WhiteElo "1139"]
[BlackElo "1045"]
[Opening "Bishop's opening: Ponziani gambit"]
[ECO "C24"]
[NIC "IG.04"]
[Time "16:32:00"]
[TimeControl "4500+10"]

1. e4 e5 2. Bc4 Nf6 3. d4 Nxe4 4. Nf3 Nd6 5. Nxe5 Qe7 6. O-O Nxc4 7. Nxc4 d5
8. Re1 Be6 9. Ne3 Qd7 10. Nc3 Bb4 11. Nexd5 Bxc3 12. Nxc3 O-O 13. d5 Bg4 14.
Qd4 Qf5 15. Nb5 Na6 16. Bd2 Qg6 17. Kh1 c5 18. Qe4 Bf5 19. Qf3 Nb4 20. Bxb4
cxb4 21. d6 Bd7 22. Qxb7 Bxb5 23. Qxb5 Qxd6 24. Rad1 Qf4 25. Qe5 Qxf2 26.
Re2 Qb6 27. Re4 Qc6 28. Rxb4 Qxc2 29. Qd4 a5 30. Rc4 Qe2 31. h3 h6 32. Ra4
Qc2 33. b3 Qc7 34. Qf4 Qc6 35. Qd6 Qc3 36. Rd5 Qe1+ 37. Kh2 Rfe8 38. Rb5
Red8 39. Qe5 Qf2 40. Raxa5 Re8 41. Rxa8 Rxa8 42. Ra5 Rxa5 43. Qxa5 Qe3 44.
b4 f6 45. Qd5+ Kh7 46. b5 Qf4+ 47. Kg1 Qe3+ 48. Kh2 Qf4+ 49. g3 Qf2+ 50. Qg2
Qb6 51. Qc2+ g6 52. a4 f5 53. Kg2 h5 54. Qc6 Qa5 55. b6 Qd2+ 56. Kf3 Qe1 57.
b7 Qh1+ 58. Kf4 Qxc6 59. b8=Q Qe4+ 60. Kg5 Qe7+ 61. Kf4 Qe4+ 62. Kg5 Qe7+
63. Kf4 Qe4+ 64. Kg5 Qe7+ 65. Kf4 Qe4+ 66. Kg5 Qe7+ 67. Kf4 Qe4+
{Game drawn by repetition}
1/2-1/2

[Event "ICC tourney 2020 (75 10)"]
[Site "Internet Chess Club"]
[Date "2020.09.27"]
[Round "6"]
[White "EvSun"]
[Black "alexbelaya"]
[Result "1/2-1/2"]
[ICCResult "Game drawn because neither player has mating material"]
[WhiteElo "1002"]
[BlackElo "1139"]
[Opening "English: four knights system"]
[ECO "A28"]
[NIC "EO.08"]
[Time "20:04:53"]
[TimeControl "4500+10"]

1. c4 e5 2. Nc3 Nf6 3. Nf3 Nc6 4. d4 exd4 5. Nxd4 Nxd4 6. Qxd4 Bb4 7. g3 c6
8. Bg2 Bxc3+ 9. Qxc3 d5 10. O-O O-O 11. b3 Be6 12. Bg5 dxc4 13. bxc4 h6 14.
Bxf6 Qxf6 15. Qxf6 gxf6 16. Rac1 Rad8 17. c5 Bd5 18. Rfd1 Bxg2 19. Kxg2 Rxd1
20. Rxd1 b6 21. cxb6 axb6 22. Rd6 Re8 23. e3 Re6 24. Rxe6 fxe6 25. Kf3 Kf7
26. Ke4 Ke7 27. f4 Kd6 28. Kd4 e5+ 29. fxe5+ fxe5+ 30. Kc4 b5+ 31. Kb4 Kd5
32. a4 bxa4 33. Kxa4 Kc4 34. h4 Kd3 35. g4 Kxe3 36. g5 hxg5 37. hxg5 Kf4 38.
g6 e4 39. g7 e3 40. g8=Q e2 41. Qf8+ Ke3 42. Qe8+ Kd2 43. Qd7+ Ke3 44. Qd6
e1=Q 45. Qxc6 Qa1+ 46. Kb4 Qb1+ 47. Kc5 Qc2+ 48. Kd5 Qe4+ 49. Kc5 Qd4+ 50.
Kb5 Qb2+ 51. Kc5 Qc3+ 52. Kb5 Qxc6+ 53. Kxc6
{Game drawn because neither player has mating material}
1/2-1/2

[Event "ICC tourney 2020 (75 10)"]
[Site "Internet Chess Club"]
[Date "2020.09.27"]
[Round "6"]
[White "GGchess12"]
[Black "DaveGriffin"]
[Result "1-0"]
[ICCResult "Black resigns"]
[WhiteElo "108"]
[BlackElo "686"]
[Opening "Scandinavian defense"]
[ECO "B01"]
[NIC "SD.03"]
[Time "20:04:51"]
[TimeControl "4500+10"]

1. e4 d5 2. exd5 Nf6 3. Nc3 c6 4. dxc6 Nxc6 5. Nf3 Bg4 6. Bc4 a6 7. h3 Bxf3
8. Qxf3 Rb8 9. d3 Ne5 10. Qf4 Nxc4 11. Qxc4 e6 12. Bf4 b5 13. Qc6+ Nd7 14.
Bxb8 Qxb8 15. Qxa6 b4 16. Ne2 Be7 17. O-O O-O 18. b3 Bf6 19. Rac1 Qe5 20.
Ng3 Qg5 21. Qa4 Be7 22. Qxd7 Bc5 23. Ne4 Rd8 24. Qxf7+ Kxf7 25. Nxg5+ Kg8
26. Nxe6 {Black resigns} 1-0

[Event "ICC tourney 2020 (75 10)"]
[Site "Internet Chess Club"]
[Date "2020.09.27"]
[Round "6"]
[White "Maximusiv"]
[Black "NeuralNetworkQS"]
[Result "0-1"]
[ICCResult "White resigns"]
[WhiteElo "1033"]
[BlackElo "915"]
[Opening "Evans gambit"]
[ECO "C52"]
[NIC "IG.05"]
[Time "20:04:44"]
[TimeControl "4500+10"]

1. e4 e5 2. Nf3 Nc6 3. Bc4 Bc5 4. b4 Bxb4 5. c3 Ba5 6. d4 exd4 7. O-O Nge7
8. cxd4 Bb6 9. Bxf7+ Kxf7 10. Ng5+ Ke8 11. Qf3 Rf8 12. Qh5+ g6 13. Qxh7 Bxd4
14. Nc3 Bxc3 15. Rb1 Bf6 16. Rd1 d6 17. e5 Nxe5 18. Re1 Rh8 19. Nf7 Nxf7 20.
Qxg6 Be5 21. Bb2 Nxg6 {White resigns} 0-1

[Event "ICC tourney 2020 (75 10)"]
[Site "Internet Chess Club"]
[Date "2020.09.27"]
[Round "6"]
[White "buptwy"]
[Black "JCJ2018"]
[Result "0-1"]
[ICCResult "White checkmated"]
[WhiteElo "684"]
[BlackElo "999"]
[Opening "Ruy Lopez: fianchetto (Smyslov/Barnes) defense"]
[ECO "C60"]
[NIC "RL.03"]
[Time "20:04:48"]
[TimeControl "4500+10"]

1. e4 e5 2. Nf3 Nc6 3. Bb5 g6 4. O-O Bg7 5. Re1 Nge7 6. c3 d6 7. h3 Bd7 8.
d4 exd4 9. cxd4 Nxd4 10. Bxd7+ Qxd7 11. Nxd4 c5 12. Nf3 O-O 13. Nc3 Rfd8 14.
Bf4 Nc6 15. Qd2 Ne5 16. Nxe5 dxe5 17. Qd6 Qxd6 18. Bg5 Bf6 19. Bh6 g5 20.
Rad1 Qe6 21. h4 Rxd1 22. Rxd1 gxh4 23. Be3 b6 24. b3 Rd8 25. Nd5 Kg7 26. Kh2
Kg6 27. Rc1 Bg5 28. f4 exf4 29. Bxf4 Rxd5 30. exd5 Bxf4+ 31. Kg1 Qe3+ 32.
Kf1 Qxc1+ 33. Ke2 Qd2+ 34. Kf1 Bg3 35. Kg1 Qe1# {White checkmated} 0-1

[Event "ICC tourney 2020 (75 10)"]
[Site "Internet Chess Club"]
[Date "2020.09.27"]
[Round "6"]
[White "soreairplane"]
[Black "EricCheng-131"]
[Result "0-1"]
[ICCResult "White checkmated"]
[WhiteElo "1104"]
[BlackElo "925"]
[Opening "Scotch: Schmidt variation"]
[ECO "C45"]
[NIC "SO.04"]
[Time "20:04:49"]
[TimeControl "4500+10"]

1. e4 e5 2. Nf3 Nc6 3. d4 exd4 4. Nxd4 Nf6 5. Nc3 Bb4 6. Bg5 h6 7. Bxf6 Qxf6
8. Ne2 O-O 9. a3 Ba5 10. Qd3 Re8 11. f3 d6 12. O-O-O Bxc3 13. Nxc3 Be6 14.
Be2 Reb8 15. h4 a5 16. Rdf1 Nd4 17. Nb5 Nxb5 18. Qxb5 c6 19. Qb6 Qd8 20.
Qxd8+ Rxd8 21. f4 g6 22. g4 f5 23. exf5 gxf5 24. gxf5 Bxf5 25. Rhg1+ Kh7 26.
Bd3 Bxd3 27. cxd3 Rg8 28. f5 Rxg1 29. Rxg1 Rg8 30. Rxg8 Kxg8 31. Kd2 Kf7 32.
Ke3 Kf6 33. Kf4 h5 34. b3 d5 35. a4 c5 36. Ke3 Kxf5 37. Kf3 b6 38. Kg3 Ke5
39. Kf3 Kd4 40. Kf4 Kxd3 41. Kg5 d4 42. Kxh5 Kc3 43. Kg6 d3 44. h5 d2 45. h6
d1=Q 46. h7 Qd3+ 47. Kh6 Qxh7+ 48. Kxh7 Kxb3 49. Kg6 c4 50. Kf5 c3 51. Ke6
c2 52. Kd5 c1=Q 53. Kd4 Qc5+ 54. Kd3 Kxa4 55. Ke4 b5 56. Kd3 b4 57. Ke4 b3
58. Kd3 b2 59. Ke4 b1=Q+ 60. Kf3 Qbb4 61. Kg3 Qcc3+ 62. Kg2 Qbb2+ 63. Kh1
Qcc1# {White checkmated} 0-1

[Event "ICC tourney 2020 (75 10)"]
[Site "Internet Chess Club"]
[Date "2020.09.27"]
[Round "6"]
[White "oxdidi"]
[Black "boxingguy2469x"]
[Result "1-0"]
[ICCResult "Black resigns"]
[WhiteElo "1199"]
[BlackElo "1219"]
[Opening "King's pawn game"]
[ECO "C50"]
[NIC "IG.03"]
[Time "20:05:39"]
[TimeControl "4500+10"]

1. e4 e5 2. Nf3 Nc6 3. Bc4 Nd4 4. Nxd4 exd4 5. c3 dxc3 6. Nxc3 Bc5 7. d4 Bb4
8. Qh5 Qf6 9. Bg5 Bxc3+ 10. bxc3 Qg6 11. Qf3 f6 12. Be3 d6 13. Bb5+ c6 14.
Bc4 Bg4 15. Qg3 O-O-O 16. f3 Bh5 17. Qh3+ Kb8 18. g4 Bxg4 19. Qxg4 Qxg4 20.
fxg4 Re8 21. Bd3 d5 22. e5 fxe5 23. dxe5 Rxe5 24. Kd2 Re6 25. Bd4 Nf6 26. g5
Nh5 27. Rhf1 Rhe8 28. h4 b6 29. Bf2 c5 30. Bb5 R8e7 31. Bd3 c4 32. Bf5 Re2+
33. Kd1 Rf7 34. Kxe2 {Black resigns} 1-0

[Event "ICC tourney 2020 (75 10)"]
[Site "Internet Chess Club"]
[Date "2020.09.27"]
[Round "6"]
[White "falcon2020"]
[Black "AJRChess2011"]
[Result "0-1"]
[ICCResult "White checkmated"]
[WhiteElo "1187"]
[BlackElo "1298"]
[Opening "Queen's pawn: London system"]
[ECO "A45"]
[NIC "QP.07"]
[Time "20:04:47"]
[TimeControl "4500+10"]

1. d4 Nf6 2. Bf4 g6 3. Nc3 Bg7 4. e4 d6 5. Bc4 O-O 6. Qd2 Nxe4 7. Bxf7+ Rxf7
8. Nxe4 Bf5 9. Ng5 Rf6 10. O-O-O Qf8 11. Re1 h6 12. N5f3 g5 13. Bg3 Qf7 14.
Kb1 Nd7 15. Qe3 Re6 16. Qc3 Rxe1+ 17. Nxe1 c6 18. Nd3 c5 19. Qb3 c4 20. Qxb7
Rb8 21. Qxa7 cxd3 22. cxd3 Qd5 23. Nf3 Ra8 24. Qc7 Qxa2+ 25. Kc2 Qa6 26. Qc3
Rc8 27. Qxc8+ Qxc8+ 28. Kd2 Qa6 29. Ne1 Bxd4 30. h4 g4 31. f3 gxf3 32. gxf3
Qa2 33. Ke2 Qxb2+ 34. Kf1 Qd2 35. Rh2 Bxd3+ 36. Nxd3 Qxd3+ 37. Kg2 Qe2+ 38.
Kh3 Qxf3 39. Rg2 Be5 40. Kh2 Bxg3+ 41. Rxg3+ Qxg3+ 42. Kxg3 Kg7 43. Kf4 Kg6
44. Kg4 Nf6+ 45. Kf4 Kh5 46. Kg3 d5 47. Kf3 Kxh4 48. Kf2 Kg4 49. Ke3 h5 50.
Kf2 h4 51. Kg2 h3+ 52. Kh2 d4 53. Kg1 d3 54. Kf2 d2 55. Ke2 h2 56. Kxd2 h1=Q
57. Ke3 Qf3+ 58. Kd2 Ne4+ 59. Kc2 Qe2+ 60. Kb3 Kf5 61. Kb4 Ke5 62. Kb3 Kd5
63. Kb4 Qc4+ 64. Ka3 Qb5 65. Ka2 Qb4 66. Ka1 Kc4 67. Ka2 Kc3 68. Ka1 Qb2#
{White checkmated}
0-1

[Event "ICC tourney 2020 (75 10)"]
[Site "Internet Chess Club"]
[Date "2020.09.27"]
[Round "6"]
[White "Nedas15"]
[Black "cappyal"]
[Result "0-1"]
[ICCResult "White checkmated"]
[WhiteElo "292"]
[BlackElo "463"]
[Opening "Two knights defense"]
[ECO "C57"]
[NIC "KP.01"]
[Time "20:04:46"]
[TimeControl "4500+10"]

1. e4 e5 2. Nf3 Nc6 3. Bc4 Nf6 4. Ng5 Qe7 5. Nxf7 Rg8 6. Nd6+ Qxd6 7. Bxg8
Nxg8 8. Qh5+ Qg6 9. Qf3 Nf6 10. Nc3 Bb4 11. a3 Bxc3 12. bxc3 Qxe4+ 13. Qxe4
Nxe4 14. f3 Nf6 15. O-O d6 16. f4 exf4 17. Rxf4 Be6 18. d3 O-O-O 19. d4 Nd5
20. Rf3 Re8 21. c4 Nxd4 22. Rf2 Nc3 23. Kf1 Bxc4+ 24. Kg1 Re1+ 25. Rf1 Rxf1#
{White checkmated}
0-1

[Event "ICC tourney 2020 (75 10)"]
[Site "Internet Chess Club"]
[Date "2020.09.27"]
[Round "6"]
[White "araddhya"]
[Black "traycon"]
[Result "1-0"]
[ICCResult "Black checkmated"]
[WhiteElo "1064"]
[BlackElo "902"]
[Opening "Caro-Kann defense"]
[ECO "B15"]
[NIC "CK.05"]
[Time "20:04:47"]
[TimeControl "4500+10"]

1. e4 c6 2. d4 d5 3. Nc3 dxe4 4. Nxe4 Nf6 5. Nc3 Bg4 6. Be2 Bxe2 7. Ngxe2 e6
8. a3 Bd6 9. Bg5 O-O 10. Ne4 Be7 11. N4c3 h6 12. Bh4 Nbd7 13. O-O Nb6 14.
Bg3 Nbd5 15. Nxd5 cxd5 16. Be5 Rc8 17. c3 Ng4 18. Bf4 Bd6 19. Bxd6 Qxd6 20.
Ng3 h5 21. h3 Nf6 22. Nxh5 Nxh5 23. Qxh5 f5 24. Qg6 Rf6 25. Qg5 Rcf8 26. f4
Rh6 27. h4 Rff6 28. h5 Qa6 29. Rf2 Qd3 30. Re1 Kf7 31. a4 Qc4 32. Ra1 Qc8
33. Rc1 Qh8 34. g4 g6 35. Rh2 fxg4 36. c4 Rf5 37. hxg6+ Kg8 38. Qxh6 Qxh6
39. Rxh6 Rxf4 40. Rh7 Rxd4 41. cxd5 Rxd5 42. Rc8+ Rd8 43. Rxd8#
{Black checkmated}
1-0

[Event "ICC tourney 2020 (75 10)"]
[Site "Internet Chess Club"]
[Date "2020.09.27"]
[Round "6"]
[White "ruhanv"]
[Black "Rhinoguy"]
[Result "1-0"]
[ICCResult "Black resigns"]
[WhiteElo "966"]
[BlackElo "1152"]
[Opening "Queen's bishop game"]
[ECO "D02"]
[NIC "QP.06"]
[Time "20:04:45"]
[TimeControl "4500+10"]

1. d4 Nf6 2. Nf3 d5 3. Bf4 e6 4. e3 c5 5. c3 Nc6 6. Nbd2 Qb6 7. Qc2 Bd7 8.
Be2 cxd4 9. exd4 Rc8 10. Nb3 Ne4 11. Qd3 Bd6 12. Bxd6 Nxd6 13. Nfd2 O-O 14.
Nc5 Rfd8 15. Rb1 e5 16. Nxd7 Rxd7 17. Bg4 e4 18. Qh3 f5 19. Bxf5 Nxf5 20.
Qxf5 Qc7 21. O-O Rf8 22. Qh3 Rd6 23. Qg3 Qe7 24. Rbe1 Rg6 25. Qe3 Qh4 26. f3
Qh3 27. Rf2 exf3 28. Nxf3 Qg4 29. Ng5 Rxf2 30. Qxf2 Qd7 31. Qe3 Ne7 32. Qxe7
Qxe7 33. Rxe7 Rxg5 34. Rxb7 a6 35. a4 Rg6 36. a5 Re6 37. Kf2 Re8 38. Rb6 Ra8
39. Rd6 Kf7 40. Rxd5 Rb8 41. b4 Rc8 42. Rc5 Rxc5 43. dxc5 Ke6 44. b5 axb5
45. a6 Kd7 46. a7 {Black resigns} 1-0

[Event "ICC tourney 2020 (75 10)"]
[Site "Internet Chess Club"]
[Date "2020.09.27"]
[Round "6"]
[White "DrKnight01"]
[Black "miyzhang"]
[Result "1-0"]
[ICCResult "Black checkmated"]
[WhiteElo "1273"]
[BlackElo "1278"]
[Opening "Giuoco Piano"]
[ECO "C50"]
[NIC "IG.02"]
[Time "20:05:31"]
[TimeControl "4500+10"]

1. e4 e5 2. Nf3 Nc6 3. Bc4 Bc5 4. Nc3 d6 5. h3 Nf6 6. d3 h6 7. Qe2 Bd7 8.
Bd2 Qe7 9. O-O-O O-O 10. g4 Nh7 11. g5 hxg5 12. Rdg1 a6 13. Nxg5 Nf6 14.
Bxf7+ Rxf7 15. Nxf7 Qxf7 16. Bh6 Nd4 17. Qd1 Ne6 18. Rg2 Kh8 19. Bd2 b5 20.
Nd5 c6 21. Nxf6 Qxf6 22. Rhg1 Bxf2 23. Rf1 Nd4 24. Rfxf2 Qe6 25. Qh5+ Kg8
26. Bh6 Qxa2 27. Rxg7+ Kh8 28. Bg5+ Kxg7 29. Qh6+ Kg8 30. Qg6+ Kh8 31. Bf6#
{Black checkmated}
1-0

[Event "ICC tourney 2020 (75 10)"]
[Site "Internet Chess Club"]
[Date "2020.09.27"]
[Round "6"]
[White "lucachesschess"]
[Black "RockyWang"]
[Result "1-0"]
[ICCResult "Black checkmated"]
[WhiteElo "1244"]
[BlackElo "465"]
[Opening "QGD: 3.Nc3"]
[ECO "D31"]
[NIC "QP.08"]
[Time "20:04:44"]
[TimeControl "4500+10"]

1. d4 d5 2. c4 e6 3. Nc3 Bb4 4. Nf3 Bxc3+ 5. bxc3 Nf6 6. Bf4 c6 7. e3 Nbd7
8. Be2 O-O 9. O-O Nb6 10. c5 Nc4 11. Bxc4 dxc4 12. Bd6 Re8 13. Qc2 b6 14. e4
Ba6 15. h4 bxc5 16. dxc5 Nd7 17. e5 Qa5 18. Ng5 f5 19. exf6 Nxf6 20. Be5 Re7
21. h5 Qxc5 22. Rae1 h6 23. Qg6 hxg5 24. Bxf6 Rf7 25. Re5 Rxf6 26. Rxc5 Rxg6
27. hxg6 Bb5 28. Rd1 Rf8 29. Rxg5 a6 30. Rh5 a5 31. Rd7 c5 32. Rc7 Rd8 33.
Rf7 Rd1+ 34. Kh2 Rd7 35. Rh8+ Kxh8 36. Rf8# {Black checkmated} 1-0